 Dungeon Crawl Stone Soup version 0.28-a0-909-g796cbd3a86 (webtiles) character file.

Game seed: 1072131744752961981

86 siradein the Charlatan (level 4, -3/33 HPs)
             Began as a Demonspawn Artificer on Nov 24, 2021.
             Slain by a river rat (4 damage)
             ... on level 4 of the Dungeon.
             The game lasted 00:04:15 (3793 turns).

siradein the Charlatan (Demonspawn Artificer)       Turns: 3793, Time: 00:04:15

Health: -3/33      AC:  8    Str: 19    XL:     4   Next: 27%
Magic:  4/4        EV:  8    Int: 12    God:
Gold:   70         SH:  7    Dex: 14    Spells: 3/3 levels left

rFire   . . .      SeeInvis .   q - +2 dagger (speed)
rCold   . . .      Faith    .   u - +0 kite shield
rNeg    . . .      Spirit   .   n - +0 ring mail
rPois   .          Reflect  .   a - +0 helmet
rElec   .          Harm     .   w - +0 cloak
rCorr   .          Rampage  .   o - +0 pair of gloves
Will    .....                   (no boots)
Stlth   +.........              (no amulet)
HPRegen 0.11/turn               s - +6 ring of strength
MPRegen 0.09/turn               (no ring)

@: no status effects
A: demonic touch 2
a: no special abilities


You were on level 4 of the Dungeon.
You visited 1 branch of the dungeon, and saw 4 of its levels.

You collected 70 gold pieces.

Inventory:

Hand Weapons
 q - a +2 dagger of speed (weapon)
Missiles
 i - 2 javelins
Armour
 a - a +0 helmet (worn)
 n - a +0 ring mail (worn)
 o - a +0 pair of gloves (worn)
 u - a +0 kite shield (worn)
 v - a +2 robe of the Archmagi
 w - a +0 cloak (worn)
Jewellery
 r - an amulet of magic regeneration
 s - a +6 ring of strength (left hand)
 t - a ring of flight
Wands
 c - a wand of flame (36)
 d - a wand of charming (15)
Scrolls
 b - a scroll of enchant armour {unknown}
 g - 2 scrolls of teleportation {unknown}
 j - 2 scrolls of identify {unknown}
 l - a scroll of acquirement {unknown}
 m - 2 scrolls of magic mapping {unknown}
Potions
 f - 2 potions of haste {unknown}
 h - 4 potions of curing {unknown}
 k - 2 potions of flight {unknown}
 p - 2 potions of lignification {unknown}
Miscellaneous
 e - a piece from Xom's chessboard (15/15) (quivered)


   Skills:
 + Level 2.1 Fighting
 + Level 2.5 Armour
 + Level 2.0 Dodging
 - Level 0.8 Stealth
 + Level 3.6 Evocations


You had 3 spell levels left.
You didn't know any spells.
Your spell library was empty.

Dungeon Overview and Level Annotations

Branches:
Dungeon (4/15)
 Temple: D:4-7

Altars:

Shops:
D:1 (


Innate Abilities, Weirdness & Mutations

Your touch may inflict irresistible damage on your foes.


Message History

The adder is severely wounded.
You feel sick.
You are no longer poisoned.
The adder bites you.
You are poisoned.
The adder poisons you!
You miss the adder.
The adder is severely wounded.
You feel sick. The adder bites you.
You closely miss the adder.
The adder is severely wounded.
You feel sick. You block the adder's attack.
The adder bites you but does no damage.
You hit the adder.
The adder is severely wounded.
You feel sick. The adder barely misses you.
You hit the adder.
You kill the adder!
You feel sick.
You are no longer poisoned.
Your Dodging skill increases to level 2!
You hit the river rat but do no damage.
The river rat bites you but does no damage.
You closely miss the river rat. The river rat bites you.
Unknown command.
You barely miss the river rat. You block the river rat's attack.
You closely miss the river rat. You block the river rat's attack.
You hit the river rat but do no damage. The river rat misses you.
Your shield and ring mail prevent you from hitting the river rat.
The river rat bites you!
* * * LOW HITPOINT WARNING * * *
You barely miss the river rat. The river rat bites you.
* * * LOW HITPOINT WARNING * * *
You hit the river rat.
The river rat is lightly wounded.
The river rat bites you but does no damage.
You barely miss the river rat.
The river rat is lightly wounded.
The river rat bites you.
You die...

.....# .# ####.# .# #.#
.....#### ### #.# . ####.#...
...##.#### .. # #.##.#
#.##...... .. ####..#.#
...#..##.# ..
......#.###.##..##.# .#
####.##.#.#$#...##.#######..#
......#.#.#.#...@r..........#
..............#.##.#...##.#.#
....#.#.#.#...#.##.#...# .#
#####.#.#.##..#....#...# ≈. #
#.#.#.##..#....#...# .## #
#.#.#.##..#....#...# .#
#.#.#.##............ .≈
................<...#.≈
......##..#.#


You could see a river rat.

Vanquished Creatures
  4 adders
  A dart slug (D:2)
  5 endoplasms
  3 giant cockroaches (D:1)
  4 goblins
  7 hobgoblins
  6 kobolds
  A quokka (D:1)
  2 ball pythons (D:4)
  8 bats
  3 frilled lizards
  A rat (D:2)
45 creatures vanquished.

Notes
Turn   | Place    | Note
-------+----------+-------------------------------------------
     0 | D:1      | siradein the Demonspawn Artificer began the quest for the
                  | Orb.
     0 | D:1      | Reached XP level 1. HP: 15/15 MP: 1/1
   125 | D:1      | Reached skill level 1 in Dodging
   369 | D:1      | Gained mutation: Your touch may inflict minor irresistible
                  | damage on your foes. [demonic ancestry]
   369 | D:1      | Reached XP level 2. HP: 11/21 MP: 2/2
   705 | D:1      | Found Pilatu's Weapon Shop.
  1895 | D:2      | Reached XP level 3. HP: 4/27 MP: 3/3
  3014 | D:3      | Found a faded altar of an unknown god.
  3219 | D:3      | Gained mutation: Your touch may inflict irresistible damage
                  | on your foes. [demonic ancestry]
  3219 | D:3      | Reached XP level 4. HP: 27/33 MP: 4/4
  3791 | D:4      | HP: 1/33 [river rat (3)]
  3793 | D:4      | Slain by a river rat

Illustrated notes

Levels and vault maps discovered:
D:1:      amcnicky_arrival_blooded_trapdoor, layout_basic, serial_shops,
          nicolae_shop_bloodbath_and_beyond, minmay_misc_feat_x,
          minmay_hexomino_f4
D:2:      layout_basic, minivault_26, minmay_close_crescents
D:3:      layout_loops_ring, hellmonk_ecumenical_altar_heavens_door
D:4:      layout_basic, nicolae_wu_jian_wuxing_cycle, serial_shops,
          nicolae_lakefront_shop, cheibrodos_sewer_entry_sluice,
          grunt_decor_fettered

Skill      XL: |  1  2  3  4 |
---------------+-------------+-----
Dodging        | 1 2 |  2.0
Armour         | 2 |  2.5
Fighting       | 2 |  2.1
Stealth        | |  0.8
Evocations     | |  3.6

Action                   |  1- 3 |  4- 6 || total
-------------------------+-------+-------++-------
Melee: Club              |   108 |       ||   108
       Touch             |    13 |       ||    13
       Dagger            |    49 |    46 ||    95
Evoke: Piece from Xom's  |     1 |       ||     1
 Stab: Sleeping          |     1 |       ||     1
Armor: Leather armour    |    25 |       ||    25
       Ring mail         |    49 |    15 ||    64
Dodge: Dodged            |    88 |    17 ||   105
Block: Kite shield       |     5 |    17 ||    22

Table legend: (Time is in decaauts)
 A = Elapsed time spent in this place.
 B = Non-inter-level travel time spent in this place.
 C = Inter-level travel time spent in this place.
 D = Time resting spent in this place.
 E = Time spent auto-exploring this place.
 F = Levels seen in this place.
 G = Mean time per level.
                   A        B        C        D        E       F      G
               +--------+--------+--------+--------+--------+-----+--------+
         Total |   3812 |   3714 |     98 |    137 |   2975 |   4 |  953.0 |
       Dungeon |   3812 |   3714 |     98 |    137 |   2975 |   4 |  953.0 |
               +--------+--------+--------+--------+--------+-----+--------+

Top non-repeatable levels by time:
     D:1: 1417 daAuts
     D:2: 1380 daAuts
     D:3: 878 daAuts
     D:4: 136 daAuts
